 Dungeon Crawl Stone Soup version 0.25-a0-890-g62861fb195 (webtiles) character file.

Game seed: 7577795078970140746, levelgen mode: classic

7106 Amnesiac the Frost Mage (level 10, 0/52 (53) HPs)
             Began as a Deep Elf Ice Elementalist on May 3, 2020.
             Was a Believer of Vehumet.
             Slain by a two-headed ogre
             ... wielding a +0 giant club
              (18 damage)
             ... on level 10 of the Dungeon.
             The game lasted 00:25:54 (9974 turns).

Amnesiac the Frost Mage (Deep Elf Ice Elementalist) Turns: 9974, Time: 00:25:55

HP:   0/52 (53)     AC:  5    Str:  5    XL:     10   Next: 84%
MP:   26/27         EV: 15    Int: 24    God:    Vehumet [**....]
Gold: 295           SH:  0    Dex: 15    Spells: 16/31 levels left

rFire    . . .     SeeInvis .   a - +2 arbalest (freeze)
rCold    . . .     Gourm    .   (shield currently unavailable)
rNeg     + . .     Faith    .   k - +2 robe {MR+}
rPois    .         Spirit   .   w - +0 helmet
rElec    .         Reflect  .   (no cloak)
rCorr    .         Harm     .   (no gloves)
MR       ++...                  (no boots)
Stlth    +++.......             (no amulet)
HPRegen  0.17/turn              y - ring of positive energy
MPRegen  0.20/turn              z - +1 ring of evasion

@: no status effects
A: no striking features
a: Renounce Religion


You were on level 10 of the Dungeon.
You worshipped Vehumet.
Vehumet was pleased with you.
You were not hungry.

You visited 2 branches of the dungeon, and saw 11 of its levels.

You collected 337 gold pieces.
You spent 42 gold pieces at shops.

Inventory:

Hand Weapons
 a - a +2 arbalest of freezing (weapon)
 b - a +1 dagger of electrocution
 s - a +2 dagger of venom
 E - a +1 hunting sling
Missiles
 l - 40 poisoned darts
 r - 254 stones
 D - 8 bolts (quivered)
Armour
 d - a +0 buckler
 k - a +2 robe of magic resistance (worn)
 w - a +0 helmet (worn)
 H - a +2 cloak
Jewellery
 y - a ring of positive energy (left hand)
 z - a +1 ring of evasion (right hand)
 C - a +3 ring of slaying {unknown}
Wands
 e - a wand of polymorph (9)
 f - a wand of enslavement (7)
 o - a wand of clouds (7)
 q - a wand of paralysis (13)
 v - a wand of flame (8)
Scrolls
 i - 2 scrolls of fog {!r, unknown}
 m - 5 scrolls of remove curse {!r}
 p - 2 scrolls of magic mapping {!r}
 t - 3 scrolls of teleportation {!r}
 u - 3 scrolls of blinking {!r}
 J - a scroll of silence {!r, unknown}
Potions
 g - 2 potions of cancellation {!q}
 h - a potion of berserk rage {!q, unknown}
 j - a potion of flight {!q}
 n - a potion of magic {!q}
 x - 3 potions of lignification {!q}
 A - 2 potions of mutation {!q, unknown}
 B - 3 potions of brilliance {!q}
 F - a potion of invisibility {!q, unknown}
 G - a potion of resistance {!q}
Comestibles
 c - 15 rations


   Skills:
 + Level 1.7 Fighting
 + Level 3.9 Dodging
 - Level 4.0 Stealth
 - Level 4.0 Shields
 + Level 11.4 Spellcasting
 * Level 13.4 Ice Magic
 - Level 4.0 Evocations


You had 16 spell levels left.
You knew the following spells:

 Your Spells              Type           Power        Failure   Level  Hunger
a - Freeze                Ice            ####         1%          1    None
b - Frozen Ramparts       Ice            ######       1%          3    None
c - Summon Ice Beast      Ice/Summ       #####...     2%          4    None
d - Hailstorm             Conj/Ice       #####...     2%          4    None
z - Ozocubu's Armour      Chrm/Ice       #####...     1%          3    None

Your spell library contained the following spells:

 Spells                   Type           Power        Failure   Level  Hunger
 Magic Dart               Conj           ##..         4%          1    None


Dungeon Overview and Level Annotations

Branches:
Dungeon (10/15)            Temple (1/1) D:7            Lair (0/6) D:8
    Orc: D:9-12

Altars:
Ashenzari
Cheibriados
Dithmenos
Elyvilon
Fedhas
Gozag
Hepliaklqana
Kikubaaqudgha
Makhleb
Nemelex Xobeh
Okawaru
Qazlal
Ru
Sif Muna
Trog
Uskayaw
Vehumet
Wu Jian
Xom
Yredelemnul
Zin
The Shining One

Shops:
D:7 =

Annotations:
D:5 exclusion: dancing weapon
D:6 2 runed translucent doors, Topotin's ghost, novice GrEE


Message History

The wall freezes the worker ant!
Firing (i - inventory. (/) - cycle)
D - 14 bolts (quivered)
Press: ? - help, Shift-Dir - straight line, f/p - orc warrior
Aim: an orc warrior, wielding a +0 battleaxe and wearing a +0 chain mail (severely wounded)
You shoot a bolt.
The bolt closely misses the orc warrior.
The bolt closely misses the worker ant.
The two-headed ogre shouts in stereo!
The wall freezes the worker ant!
You kill the worker ant!
Vehumet accepts your kill.
You feel your power returning.
The wall freezes the orc warrior!
You kill the orc warrior!
Vehumet accepts your kill.
The wall freezes the two-headed ogre.
Firing (i - inventory. (/) - cycle)
D - 13 bolts (quivered)
Press: ? - help, Shift-Dir - straight line, f - two-headed ogre
Aim: a two-headed ogre, wielding two +0 giant clubs (lightly wounded)
You shoot a bolt. The bolt hits the two-headed ogre.
The bolt freezes the two-headed ogre.
The two-headed ogre is lightly wounded.
The frozen ramparts melt away.
Firing (i - inventory. (/) - cycle)
D - 12 bolts (quivered)
Press: ? - help, Shift-Dir - straight line, f/p - two-headed ogre
Aim: a two-headed ogre, wielding two +0 giant clubs (lightly wounded)
You shoot a bolt.
The bolt barely misses the two-headed ogre.
The two-headed ogre misses you.
The two-headed ogre hits you with a +0 giant club!
Casting: Frozen Ramparts (safe; 1% risk of failure)
Confirm with . or Enter, or press ? or * to list all spells.
The walls around you are covered in ice.
The wall freezes the two-headed ogre.
There is a stone staircase leading up here.
The wall freezes the two-headed ogre.
The wall freezes the two-headed ogre.
The wall freezes the two-headed ogre.
Firing (i - inventory. (/) - cycle)
D - 11 bolts (quivered)
Press: ? - help, Shift-Dir - straight line, f/p - two-headed ogre
Aim: a two-headed ogre, wielding two +0 giant clubs (moderately wounded)
You shoot a bolt. The bolt hits the two-headed ogre.
The bolt freezes the two-headed ogre.
The two-headed ogre is heavily wounded.
The wall freezes the two-headed ogre!
The two-headed ogre barely misses you. The two-headed ogre closely misses you.
The wall freezes the two-headed ogre.
The two-headed ogre barely misses you.
The two-headed ogre hits you with a +0 giant club!!
* * * LOW HITPOINT WARNING * * *
Firing (i - inventory. (/) - cycle)
D - 10 bolts (quivered)
Press: ? - help, Shift-Dir - straight line, f/p - two-headed ogre
Aim: a two-headed ogre, wielding two +0 giant clubs (heavily wounded)
You shoot a bolt. The bolt hits the two-headed ogre!
The bolt freezes the two-headed ogre.
The two-headed ogre is severely wounded.
The wall freezes the two-headed ogre!
The two-headed ogre misses you. The two-headed ogre barely misses you.
Firing (i - inventory. (/) - cycle)
D - 9 bolts (quivered)
Press: ? - help, Shift-Dir - straight line, f/p - two-headed ogre
Aim: a two-headed ogre, wielding two +0 giant clubs (almost dead)
You shoot a bolt.
The bolt barely misses the two-headed ogre.
The frozen ramparts melt away.
The two-headed ogre hits you with a +0 giant club!!
You die...

.... .... #..# #..#
#..# #..#
#..#############
(.######...............
....((.(()..<.O@.......
.O.....#############...
....... ).....$ (.(....
....... ....... ######.


You could see a two-headed ogre.

Vanquished Creatures
  A two-headed ogre (D:8)
  Pikel (D:5)
  2 hippogriffs
  5 yaks (D:8)
  2 basilisks (D:8)
  4 slaves (D:5)
  4 porcupines (D:8)
  4 orc warriors
  An ice beast (D:6)
  4 ogres
  2 sky beasts
  A black bear (D:10)
  An eye of draining (D:9)
  A necrophage (D:8)
  7 centaurs
  A crocodile (D:8)
  Blork the orc (D:5)
  5 bullfrogs
  A scorpion (D:5)
  3 wights (D:6)
  5 howler monkeys
  5 crimson imps
  A centaur zombie (D:6)
  A gnoll shaman (D:8)
  4 jellies
  A centaur skeleton (D:8)
  7 orc priests
  4 hounds
  5 orc wizards
  2 bullfrog skeletons
  2 iguanas
  7 worker ants
  A hound zombie (D:5)
  2 hound skeletons (D:6)
  A worker ant zombie (D:5)
  A howler monkey zombie (D:7)
  Robin (D:2)
  8 gnolls
  12 adders
  An adder zombie (D:5)
  2 adder skeletons
  3 worms
  3 dart slugs
  4 leopard geckos
  36 orcs
  A ball python (D:2)
  7 giant cockroaches
  21 goblins
  10 hobgoblins
  11 jackals
  8 kobolds
  4 quokkas
  7 bats
  7 rats
246 creatures vanquished.

Vanquished Creatures (collateral kills)
  An ice beast (D:7)
  A phantom (D:7)
  A wight (D:6)
  A worker ant (D:7)
  A killer bee zombie (D:7)
5 creatures vanquished.

Vanquished Creatures (others)
  2 fungi (D:8)
  4 plants (D:8)
6 creatures vanquished.

Grand Total: 257 creatures vanquished

Notes
Turn   | Place    | Note
-------+----------+-------------------------------------------
     0 | D:1      | Amnesiac the Deep Elf Ice Elementalist began the quest for
                  | the Orb.
     0 | D:1      | Reached XP level 1. HP: 10/10 MP: 6/6
   176 | D:2      | Reached XP level 2. HP: 15/15 MP: 4/8
   374 | D:2      | Reached skill level 5 in Ice Magic
   374 | D:2      | Reached XP level 3. HP: 15/19 MP: 7/10
   379 | D:2      | Learned a level 3 spell: Frozen Ramparts
   383 | D:2      | Learned a level 3 spell: Ozocubu's Armour
   756 | D:3      | Found a sacrificial altar of Ru.
   820 | D:2      | Reached XP level 4. HP: 24/24 MP: 8/11
   972 | D:4      | Reached skill level 1 in Shields
  1040 | D:4      | Reached XP level 5. HP: 27/28 MP: 9/13
  1066 | D:4      | Reached skill level 6 in Ice Magic
  1179 | D:4      | Noticed an ogre
  1192 | D:4      | Killed an ogre
  1192 | D:4      | Reached skill level 5 in Spellcasting
  1192 | D:4      | Reached XP level 6. HP: 28/32 MP: 9/15
  1201 | D:5      | Entered Level 5 of the Dungeon
  1297 | D:4      | Found a bloodstained altar of Trog.
  1597 | D:4      | Reached skill level 7 in Ice Magic
  1714 | D:4      | Reached XP level 7. HP: 22/36 MP: 14/17
  1993 | D:5      | Found a white marble altar of Elyvilon.
  2087 | D:5      | Noticed Pikel
  2245 | D:5      | Killed Pikel
  2245 | D:5      | Reached skill level 8 in Ice Magic
  2245 | D:5      | Reached XP level 8. HP: 30/41 MP: 11/20
  2319 | D:5      | Noticed Blork the orc
  2342 | D:5      | Killed Blork the orc
  2352 | D:5      | Reached skill level 9 in Ice Magic
  2582 | D:5      | Noticed a +0 dagger
  2583 | D:5      | Noticed a +0 dagger
  2585 | D:5      | Found a hide-covered altar of Uskayaw.
  2646 | D:5      | Learned a level 4 spell: Summon Ice Beast
  2651 | D:5      | Learned a level 4 spell: Hailstorm
  2704 | D:6      | Found a large runed translucent door.
  2705 | D:6      | Found a large runed translucent door.
  2706 | D:6      | Noticed Topotin's ghost (novice GrEE)
  2808 | D:5      | Found a snail-covered altar of Cheibriados.
  3081 | D:5      | Found a shimmering blue altar of Sif Muna.
  3172 | D:5      | Found a burning altar of Makhleb.
  3258 | D:6      | Reached skill level 10 in Ice Magic
  3278 | D:6      | Reached skill level 1 in Evocations
  3323 | D:6      | Found a shattered altar of Ashenzari.
  3405 | D:6      | Found a basalt altar of Yredelemnul.
  3623 | D:6      | Reached XP level 9. HP: 41/45 MP: 20/23
  3766 | D:6      | Found a shattered altar of Ashenzari.
  4901 | D:7      | Found a glowing silver altar of Zin.
  5018 | D:7      | Found a staircase to the Ecumenical Temple.
  5027 | Temple   | Entered the Ecumenical Temple
  5085 | Temple   | Became a worshipper of Vehumet
  5296 | D:2      | Noticed Robin
  5303 | D:2      | Killed Robin
  6402 | D:2      | Found a hazy altar of Hepliaklqana.
  6634 | D:3      | Reached * piety under Vehumet
  6634 | D:3      | Offered knowledge of Foxfire by Vehumet.
  7313 | D:8      | Reached skill level 11 in Ice Magic
  7435 | D:8      | Found a staircase to the Lair.
  7472 | D:8      | Reached skill level 10 in Spellcasting
  7495 | D:8      | Reached XP level 10. HP: 50/50 MP: 23/26
  7509 | D:8      | Reached skill level 12 in Ice Magic
  7960 | D:7      | Found Nosuhufo's Jewellery Shop.
  7963 | D:7      | Bought a +1 ring of evasion for 42 gold pieces
  8236 | D:7      | Found a stormy altar of Qazlal.
  8805 | D:8      | Found a shattered altar of Ashenzari.
  8810 | D:8      | Found a shadowy altar of Dithmenos.
  8936 | D:8      | Noticed a two-headed ogre
  8946 | D:8      | Killed a two-headed ogre
  8946 | D:8      | Reached skill level 13 in Ice Magic
  9280 | D:9      | Found an ancient bone altar of Kikubaaqudgha.
  9404 | D:9      | Reached ** piety under Vehumet
  9404 | D:9      | Offered knowledge of Magic Dart by Vehumet.
  9404 | D:9      | Reached skill level 1 in Fighting
  9943 | D:10     | Entered Level 10 of the Dungeon
  9958 | D:10     | Noticed a two-headed ogre
  9974 | D:10     | Slain by a two-headed ogre

Levels and vault maps discovered:
D:1:      giann_bridges, layout_basic
D:2:      layout_basic, lemuel_round_altar, uniq_robin
D:3:      layout_loops_corners, nicolae_ru_the_path_less_chosen,
          minmay_fractal_squares_diagonal_5
D:4:      layout_basic, kennysheep_little_box
D:5:      layout_basic, lemuel_blue_sif_altar, marbit_many_paths,
          lemuel_coloured_pillars_altar, elyvilon_altar_3,
          dancing_weapons_uskayaw, first_ration, uniq_blork_the_orc, uniq_pikel
D:6:      layout_layer_cave, ebering_ghost_disaster_area,
          hangedman_feature_mirror, evilmike_ruin_ashenzari
D:7:      layout_basic, lemuel_round_altar, kennysheep_mini_moat,
          minmay_temple_entry_arrows, serial_shops, kennysheep_mini
D:8:      layout_basic, minitemple, minmay_lair_entry_grove,
          chequers_hall_statues_wall_a
D:9:      layout_roguey, kiku_gazebo_pond_becter
D:10:     layout_long_grid, orc_david_3, biasface_ghost_orc_armoury,
          serial_shops, nicolae_shop_statue_plus
Temple:   compressed_dpeg_triangle_lava_temple

Skill      XL: |  1  2  3  4  5  6  7  8  9 10 |
---------------+-------------------------------+-----
Stealth        | 3 4 |  4.0
Ice Magic      | 5 6 7 8 10 11 13 | 13.4
Spellcasting   | 4 5 7 8 10 11 | 11.4
Shields        | 1 2 3 4 |  4.0
Evocations     | 3 4 |  4.0
Dodging        | 3 |  3.9
Fighting       | 1 |  1.7

Action                   |  1- 3 |  4- 6 |  7- 9 | 10-12 || total
-------------------------+-------+-------+-------+-------++-------
Melee: Unarmed           |     1 |       |       |       ||     1
       Whip              |     4 |       |       |       ||     4
       Spear             |       |    13 |       |       ||    13
 Fire: Hunting sling     |       |    40 |   326 |    68 ||   434
       Arbalest          |       |       |       |    83 ||    83
Throw: Stone             |       |     1 |       |       ||     1
 Cast: Freeze            |    26 |    16 |    65 |    19 ||   126
       Frozen Ramparts   |     6 |    17 |    40 |    23 ||    86
       Ozocubu's Armour  |       |       |     4 |     1 ||     5
       Summon Ice Beast  |       |       |     5 |     7 ||    12
Evoke: Wand              |       |       |     6 |       ||     6
  Use: Scroll            |       |     8 |     3 |       ||    11
       Potion            |       |       |     5 |     1 ||     6
 Stab: Sleeping          |       |     1 |       |       ||     1
  Eat: Chunk             |       |     4 |    18 |     4 ||    26
       Ration            |       |       |       |     1 ||     1
Armor: Robe              |     5 |     7 |    35 |    16 ||    63
Dodge: Dodged            |    26 |    25 |   139 |    78 ||   268
Block: Buckler           |       |     5 |    50 |    12 ||    67

Table legend:
 A = Non-vault XP
 B = Vault XP
 C = Vault XP percentage of total XP
 D = Non-vault monster count
 E = Vault monster count
 F = Vault count percentage of total count
                 A         B        C        D         E       F
            +---------+---------+-------+---------+---------+-------
      Total |    6934 |    3218 |  31.7 |     210 |      37 |  15.0
            +---------+---------+-------+---------+---------+-------
        D:1 |      39 |       0 |   0.0 |      20 |       0 |   0.0
        D:2 |      73 |      33 |  31.1 |      26 |      11 |  29.7
        D:3 |      45 |      21 |  31.8 |      19 |       5 |  20.8
        D:4 |     618 |       0 |   0.0 |      33 |       0 |   0.0
        D:5 |     662 |     864 |  56.6 |      19 |       3 |  13.6
        D:6 |    1232 |      96 |   7.2 |      30 |       1 |   3.2
        D:7 |     404 |       0 |   0.0 |       9 |       0 |   0.0
        D:8 |    2329 |    2065 |  47.0 |      31 |      13 |  29.5
        D:9 |    1329 |       0 |   0.0 |      20 |       0 |   0.0
       D:10 |     203 |     139 |  40.6 |       3 |       4 |  57.1
            +---------+---------+-------+---------+---------+-------
